 Dungeon Crawl Stone Soup version 0.20.0-8-g6b59dc7 (webtiles) character file.

383466 Jerry the Impregnable (level 22, -31/213 HPs)
             Began as a Hill Orc Fighter on May 31, 2017.
             Was the Champion of Beogh.
             Killed from afar by a deep elf mage (40 damage)
             ... with a shard of ice
             ... on level 1 of the Elven Halls.
             The game lasted 03:57:09 (59481 turns).

Jerry the Impregnable (Hill Orc Fighter)           Turns: 59481, Time: 03:57:09

Health: -31/213    AC: 34    Str: 23    XL:     22   Next: 94%
Magic:  27/27      EV: 16    Int:  4    God:    Beogh [******]
Gold:   791        SH: 11    Dex: 17    Spells: 8/21 levels left

rFire    + + +     SeeInvis +   n - +5 broad axe
rCold    + + .     Gourm    +   T - +2 buckler {rC+}
rNeg     . . .     Faith    .   J - +2 gold dragon scales
rPois    +         Spirit   .   U - +0 mask of the Dragon {MR+ Slay+3 SInv}
rElec    .         Reflect  .   b - +0 cloak
rCorr    .         Harm     .   Q - +2 pair of gloves {archery}
MR       ++...                  l - +1 pair of boots
Stlth    ..........             F - amulet "Matat" {Gourm Fragile rPois rF+ Dex+3}
Regen    0.5/turn               D - ring "Yguang" {rF+ Str+4}
MPRegen  0.2/turn               c - ring "Xoxzuh" {EV+2 Str-5 Int-5 Slay+4 SInv}

@: very slightly contaminated, drained
A: walk on water
}: 2/15 runes: barnacled, gossamer
a: Smiting, Recall Orcish Followers, Give Item to Named Follower, Resurrection,
Renounce Religion


You were on level 1 of the Elven Halls.
You worshipped Beogh.
Beogh was exalted by your worship.
You were completely stuffed.

You visited 8 branches of the dungeon, and saw 37 of its levels.
You also visited: Sewer.

You collected 3908 gold pieces.
You spent 3117 gold pieces at shops.

Inventory:

Hand Weapons
 n - a +5 broad axe (weapon)
 B - a +1 battleaxe of electrocution
 I - the +7 great mace "Firestarter" {inner flame, rF++}
   (You took it off a yaktaur on level 4 of the Depths)

   It has been specially enchanted to burn those struck by it, causing extra
   injury to most foes and up to half again as much damage against particularly
   susceptible opponents.
   It greatly protects you from fire.
Missiles
 L - 7 exploding tomahawks (quivered)
Armour
 b - a +0 cloak (worn)
 l - a +1 pair of boots (worn)
 J - +2 gold dragon scales (worn)
 Q - a +2 pair of gloves of archery (worn)
 T - a +2 buckler of cold resistance (worn)
 U - the +0 mask of the Dragon (worn) {MR+ Slay+3 SInv}
   (You bought it in a shop on level 6 of the Dungeon)

   It affects your accuracy and damage with ranged weapons and melee attacks
   (+3).
   It affects your resistance to hostile enchantments.
   It lets you see invisible.
Jewellery
 c - the ring "Xoxzuh" (right hand) {EV+2 Str-5 Int-5 Slay+4 SInv}
   (You bought it in a shop on level 2 of the Depths)

   [ring of evasion]

   It affects your evasion (+2).
   It affects your strength (-5).
   It affects your intelligence (-5).
   It affects your accuracy and damage with ranged weapons and melee attacks
   (+4).
   It lets you see invisible.
 D - the ring "Yguang" (left hand) {rF+ Str+4}
   (You acquired it on level 4 of the Shoals)

   [ring of protection from fire]

   It affects your strength (+4).
   It protects you from fire.
 F - the amulet "Matat" (around neck) {Gourm Fragile rPois rF+ Dex+3}
   (You bought it in a shop on level 2 of the Depths)

   [amulet of the gourmand]

   It allows you to eat raw meat even when not hungry.
   It affects your dexterity (+3).
   It protects you from fire.
   It protects you from poison.
   It will be destroyed if unequipped.
Wands
 d - a wand of paralysis (0/24)
 E - a wand of acid (5/15)
 K - a wand of lightning (6/15)
 M - a wand of flame (24/48)
 N - a wand of iceblast (6/15)
Scrolls
 a - a scroll of immolation
 e - a scroll of enchant armour
 j - a scroll of blinking
 o - 6 scrolls of fog
 q - 4 scrolls of amnesia
 r - 6 scrolls of identify
 w - 11 scrolls of remove curse
 y - 3 scrolls of enchant weapon
 C - 4 scrolls of teleportation
 H - 3 scrolls of fear
 P - 7 scrolls of magic mapping
 R - 8 scrolls of recharging
Potions
 h - 3 potions of cancellation
 i - 7 potions of brilliance
 p - 4 potions of mutation
 s - 5 potions of resistance
 t - 20 potions of curing
 u - 2 potions of invisibility
 v - a potion of agility
 x - 4 potions of flight
 z - 2 potions of haste
 A - 7 potions of magic
 G - 7 potions of ambrosia
 V - 3 potions of berserk rage
 W - 6 potions of heal wounds
Comestibles
 f - 23 bread rations
 g - 5 royal jellies
 k - 25 meat rations
 m - 2 chunks of flesh


   Skills:
 - Level 21.0(20.7) Fighting
 + Level 19.7(19.3) Axes
 - Level 21.1(20.8) Armour
 + Level 15.8(15.5) Dodging
 + Level 16.9(16.6) Shields
 - Level 7.3(7.1) Invocations


You had 8 spell levels left.
You knew the following spells:

 Your Spells              Type           Power        Failure   Level  Hunger
a - Statue Form           Tmut/Erth      #........    100%        6    #######
b - Lesser Beckoning      Tloc           #.........   100%        3    ####...
c - Blink                 Tloc           N/A          100%        2    ###....
d - Animate Skeleton      Necr           N/A          100%        1    ##.....
e - Apportation           Tloc           #.....       100%        1    ##.....


Dungeon Overview and Level Annotations

Branches:
Dungeon (15/15)            Temple (0/1) D:7            Lair (6/6) D:8
 Shoals (4/4) Lair:4       Spider (4/4) Lair:3          Orc (2/2) D:10
    Elf (1/3) Orc:2        Vaults (1/5) D:13         Depths (4/5) D:15
  Slime: Lair:5-6

Altars:
Ashenzari
Cheibriados
Dithmenos
Fedhas
Gozag
Hepliaklqana
Makhleb
Nemelex Xobeh
Okawaru
Qazlal
Trog
Uskayaw
Vehumet
Yredelemnul
Lugonu

Shops:
D:4 %   D:6 [   D:14 ?   Orc:2 !%[:!   Vaults:1 *   Depths:1 :*   Depths:2 ==}
Depths:4 [!*

Portals:
Hell: Depths:1 Depths:2 Depths:3 Depths:4
Abyss: Depths:3 Depths:4
Pandemonium: Orc:2 Depths:3
Ziggurat: Depths:4

Annotations:
Lair:1 soberaf's ghost, journeyman KoCj
Lair:4 exclusion: 4 oklob plants
Lair:6 exclusion: 3 oklob plants
Orc:2 Urug
Depths:2 Saint Roka


Message History

The stone arrow hits you!
* * * LOW HITPOINT WARNING * * *
The deep elf mage casts a spell.
The deep elf mage blinks!
The deep elf mage mumbles some strange words.
Blink to where?
Press: ? - help, Dir - move target cursor You are very lightly contaminated with residual magic.
As you read the scroll of blinking, it crumbles to dust.
The Brimstone Fiend calls on the powers of darkness!
Your orc convulses!
The deep elf mage convulses! x2; The deep elf demonologist convulses!
The deep elf high priest convulses!
The deep elf mage convulses! x3
Your body is wracked with pain!
* * * LOW HITPOINT WARNING * * *
Your orc barely misses the Ice Fiend.
The deep elf demonologist gestures wildly while chanting.
The deep elf mage points at you and mumbles some strange words.
The shard of ice hits you! You partially resist.
You die...

#.##### .# .
#.#...##.##..
#......#.#.
#........# #......#.#
#.#.#e##.# #
#........# $##
##.....().###+###..
##.......@.##..(###
#.#.......#e.....##
##....§...).......##
###......e...Ye....#
...........2.E......+
####...#..#§..(eer..#
#......)#eoe1?§..#
#.......##.e.e....#
#.......###.s.r##..


You could see a Brimstone Fiend, a balrug, a deep elf demonologist, a deep elf
knight, a deep elf high priest, an earth elemental, 6 deep elf magi, an ice
beast, a hell rat and a friendly orc.

Vanquished Creatures
  Mennas (Depths:2)
  2 juggernauts
  Boris (Depths:4)
  A caustic shrike (Depths:4)
  A golden dragon (Depths:4)
  3 liches
  2 tentacled monstrosities
  A titan (Depths:4)
  A quicksilver dragon (Depths:2)
  3 sphinxes
  Gastronok (D:8)
  A shadow dragon (Depths:4)
  Ilsuiw (Shoals:4)
  5 tengu reavers
  Donald (Vaults:1)
  8 fire giants
  8 frost giants
  3 ghost moths (Spider:4)
  2 iron dragons
  2 vault wardens (Vaults:1)
  Aizul (D:15)
  A balrug (Depths:2)
  A reaper (Depths:3)
  3 emperor scorpions
  A deep elf elementalist (Depths:4)
  3 spriggan defenders (Depths:2)
  25 stone giants
  An ironheart preserver (Vaults:1)
  An entropy weaver (Vaults:1)
  12 very ugly things
  A vampire knight (Depths:3)
  The ghost of humperndinck the Nimble, a journeyman DrBe of Trog (Lair:5)
  A deep elf annihilator (Depths:2)
  3 spark wasps
  Azrael (D:13)
  A merfolk javelineer (Shoals:3)
  14 ettins
  5 merfolk impalers
  A green death (Depths:3)
  7 fire dragons
  4 yaktaur captains
  4 great orbs of eyes
  4 rakshasas
  6 ogre magi
  5 vault guards
  2 catoblepae
  9 ice dragons
  Erica (D:10)
  An alligator snapping turtle (Shoals:4)
  5 merfolk aquamancers
  7 spriggan air magi
  A death knight (D:15)
  A death yak (Lair:3)
  A merfolk avatar (Shoals:4)
  5 hydras
  9 deep troll earth magi
  11 centaur warriors
  9 tengu warriors
  18 two-headed ogres
  2 satyrs (Shoals:4)
  8 deep troll shamans
  4 spriggan berserkers
  A vampire mage (Depths:4)
  2 orc high priests (Orc:2)
  3 deep elf knights
  Nergalle (Lair:1)
  3 sun demons
  A shadow wraith (Vaults:1)
  16 hell knights
  A deep troll (shapeshifter) (Depths:2)
  5 sea snakes
  2 unseen horrors
  28 deep trolls
  3 wizards
  A flayed ghost (Depths:4)
  Pikel (D:6)
  A glowing orange brain (Depths:4)
  14 harpies
  2 ironbrand convokers (Vaults:1)
  7 necromancers
  3 orc knights
  12 wolf spiders
  3 orc sorcerers
  6 fauns
  3 deep elf magi
  A cyclops (shapeshifter) (Depths:1)
  6 orb spiders
  8 manticores
  A manticore (shapeshifter) (Depths:4)
  A salamander (Depths:4)
  30 ugly things
  10 cyclopes
  17 elephants
  A fire giant skeleton (Depths:2)
  A stone giant skeleton (Depths:2)
  2 black mambas
  A water nymph (shapeshifter) (Depths:4)
  9 merfolk sirens
  An orange demon (Depths:3)
  2 naga magi (Vaults:1)
  A torpor snail (shapeshifter) (Depths:4)
  3 vault sentinels (Vaults:1)
  4 water nymphs
  5 spectral swamp worms
  Psyche (D:10)
  A spiny frog (shapeshifter) (Vaults:1)
  2 smoke demons (Depths:3)
  A gargoyle (D:14)
  12 spiny frogs
  3 rime drakes
  An efreet (D:13)
  35 yaktaurs
  3 freezing wraiths (Vaults:1)
  2 ice devils (Orc:2)
  2 demonic crawlers
  7 komodo dragons
  5 tengu conjurers
  14 jumping spiders
  3 polar bears
  A harpy zombie (Shoals:3)
  A wind drake (Shoals:1)
  6 hornets
  A troll (D:15)
  27 merfolk
  Prince Ribbit (D:7)
  13 hippogriffs
  16 slime creatures
  15 blink frogs
  11 dream sheep
  6 snapping turtles
  A fire giant simulacrum (Depths:2)
  11 tarantellas
  9 spriggans
  2 shadows (D:8)
  35 redbacks
  14 water elementals
  3 air elementals (Depths:4)
  3 wraiths
  3 hogs (D:8)
  A redback (shapeshifter) (Depths:3)
  32 yaks
  2 basilisks
  3 humans
  2 hungry ghosts (D:11)
  A yaktaur simulacrum (Vaults:1)
  A vampire mosquito (D:13)
  2 wargs
  An acid dragon (Vaults:1)
  3 hell hounds (D:13)
  A floating eye (shapeshifter) (Depths:4)
  8 porcupines
  12 water moccasins
  Purgy (D:3)
  5 black bears
  5 ice beasts
  9 orc warriors
  7 phantoms
  Duvessa (D:7)
  A sky beast (D:7)
  2 necrophages
  25 centaurs
  15 ogres
  13 boggarts
  42 wolves
  A crocodile (shapeshifter) (Depths:1)
  16 crocodiles
  A bullfrog (shapeshifter) (Depths:2)
  21 bullfrogs
  A big kobold (D:9)
  An earth elemental (Elf:1)
  An ogre simulacrum (Vaults:1)
  A water moccasin zombie (D:9)
  A glowing shapeshifter simulacrum (Vaults:1)
  Dowan (D:7)
  3 scorpions
  6 wights
  4 killer bees
  4 electric eels
  3 howler monkeys
  7 crimson imps
  A centaur zombie (D:8)
  4 jellies
  An orc priest (D:8)
  8 hounds
  An iron imp (Depths:4)
  3 bullfrog skeletons
  2 centaur skeletons
  11 orc wizards
  5 iguanas
  13 worker ants
  4 hound skeletons
  2 worker ant zombies
  A howler monkey skeleton (D:11)
  13 adders
  A river rat (Sewer)
  6 shadow imps
  3 white imps (Lair:6)
  An ooze (D:3)
  An adder zombie (D:5)
  2 adder skeletons
  2 worms
  4 dart slugs
  5 leopard geckos
  32 orcs
  7 ball pythons
  5 bats
  5 goblins
  9 hobgoblins
  12 jackals
  13 kobolds
  2 quokkas
  12 frilled lizards
  2 jackal zombies
  A leopard gecko skeleton (D:4)
  A quokka skeleton (D:6)
  11 rats
  10 fungi
  15 plants
1241 creatures vanquished.

Vanquished Creatures (collateral kills)
  Sojobo (Depths:2)
  Arachne (Spider:4)
  2 liches
  Rupert (Spider:1)
  Frances (Shoals:1)
  2 fire giants
  2 tengu reavers
  A ghost moth (Spider:4)
  The ghost of OutrageousFun the Severer, a journeyman DsFi of Okawaru (Orc:2)
  A frost giant (Depths:1)
  4 emperor scorpions
  3 very ugly things
  A stone giant (Depths:1)
  A deep elf death mage (Elf:1)
  4 ettins
  Snorg (D:10)
  A fire dragon (Depths:3)
  4 merfolk javelineers (Shoals:4)
  7 merfolk impalers
  A yaktaur captain (Depths:2)
  Harold (D:11)
  2 vault guards
  3 rakshasas
  An alligator snapping turtle (Shoals:4)
  6 centaur warriors
  2 ice dragons (Depths:2)
  2 hydras
  A satyr (Shoals:4)
  3 merfolk aquamancers (Shoals:4)
  2 two-headed ogres (Depths:2)
  2 merfolk avatars (Shoals:4)
  2 ogre magi
  3 tengu warriors
  2 deep troll shamans
  5 deep troll earth magi
  2 orc high priests (Orc:2)
  A hell knight (Depths:4)
  7 sea snakes
  A sixfirhy (Orc:2)
  2 infernal demonspawn (Orc:2)
  4 deep trolls
  16 harpies
  2 orc knights (Orc:2)
  11 wolf spiders
  7 fauns
  6 orb spiders
  An oklob plant (Lair:3)
  2 orc sorcerers (Orc:2)
  7 manticores
  6 ugly things
  3 cyclopes
  2 moths of wrath
  6 merfolk sirens
  2 elephants (Lair:6)
  A naga mage (Vaults:1)
  6 water nymphs
  2 torpor snails
  A centaur skeleton (D:14)
  A yaktaur (Depths:2)
  6 demonic crawlers
  A hellwing (Orc:2)
  2 kobold demonologists (D:12)
  A rime drake (Lair:6)
  A komodo dragon (Lair:6)
  4 trolls
  2 harpy zombies (Shoals:3)
  2 tengu conjurers
  15 merfolk
  14 jumping spiders
  3 wind drakes (Shoals:4)
  6 hornets
  2 slime creatures
  2 blink frogs (Lair:5)
  7 dream sheep
  A meliai zombie (D:14)
  3 snapping turtles
  A hippogriff (shapeshifter) (Vaults:1)
  2 hippogriffs
  9 tarantellas
  A centaur simulacrum (D:15)
  30 redbacks
  A spriggan (shapeshifter) (Depths:2)
  3 water elementals
  2 wyverns (D:13)
  3 spriggans
  2 fire elementals (D:13)
  4 yaks
  2 basilisks
  A hungry ghost (D:14)
  3 vampire mosquitoes (D:13)
  A chaos spawn (Orc:2)
  A warg (Depths:1)
  2 hell hounds (D:13)
  5 orc warriors (Orc:2)
  4 ogres
  An ice beast (D:11)
  7 wolves (Lair:6)
  A phantom (D:11)
  12 centaurs
  2 boggarts (D:15)
  3 crocodiles (Lair:6)
  A hippogriff zombie (Shoals:3)
  2 bullfrogs
  A scorpion (D:13)
  An electric eel (Spider:4)
  6 wights
  A howler monkey (D:13)
  An orc wizard (D:15)
  7 orc priests
  An iguana (D:13)
  A worker ant (D:11)
  A worker ant zombie (D:10)
  A leopard gecko (D:11)
  12 orcs
  2 jackals (D:11)
  3 kobolds
  32 plants
424 creatures vanquished.

Vanquished Creatures (others)
  Saint Roka (Depths:2)
  5 orc warlords
  16 orc knights
  An orc high priest (Lair:6)
  Urug (Orc:2)
  4 orc sorcerers
  A jumping spider (Spider:1)
  A water elemental (Shoals:2)
  8 orc wizards
  31 orc warriors
  28 orc priests
  56 orcs
  A butterfly (Lair:2)
  20 fungi
  21 plants
195 creatures vanquished.

Grand Total: 1860 creatures vanquished

Notes
Turn   | Place    | Note
-------+----------+-------------------------------------------
     0 | D:1      | Jerry the Hill Orc Fighter began the quest for the Orb.
     0 | D:1      | Reached XP level 1. HP: 19/19 MP: 1/1
    98 | D:1      | Reached XP level 2. HP: 21/27 MP: 2/2
   508 | D:1      | Reached XP level 3. HP: 27/33 MP: 3/3
  1069 | D:2      | Reached XP level 4. HP: 40/40 MP: 4/4
  1238 | D:2      | Found a radiant altar of Vehumet.
  1343 | D:2      | Found a bloodstained altar of Trog.
  1548 | D:2      | Found a burning altar of Makhleb.
  1639 | D:3      | Reached XP level 5. HP: 43/47 MP: 5/5
  1845 | D:3      | Noticed Purgy
  1852 | D:3      | Killed Purgy
  1852 | D:3      | Reached skill level 5 in Axes
  1939 | D:3      | Reached XP level 6. HP: 52/55 MP: 6/6
  2248 | D:3      | Found a glowing drain.
  2262 | Sewer    | Entered a sewer
  2296 | Sewer    | Reached skill level 5 in Fighting
  2783 | D:4      | Found a hazy altar of Hepliaklqana.
  2976 | D:4      | Found a stormy altar of Qazlal.
  3417 | D:4      | Found Pomuloing's Food Boutique.
  3439 | D:4      | Found a snail-covered altar of Cheibriados.
  3604 | D:5      | Entered Level 5 of the Dungeon
  3604 | D:5      | Noticed an ice beast
  3612 | D:4      | Killed an ice beast
  3612 | D:4      | Reached skill level 5 in Shields
  3612 | D:4      | Reached XP level 7. HP: 44/61 MP: 7/7
  3700 | D:5      | Reached skill level 5 in Armour
  4005 | D:5      | Became a worshipper of Beogh the Brigand
  4121 | D:5      | Noticed a hand axe
  4121 | D:5      | Noticed a hand axe
  4121 | D:5      | Found a hide-covered altar of Uskayaw.
  4158 | D:5      | Reached XP level 8. HP: 35/70 MP: 8/8
  4427 | D:5      | Found an opulent altar of Gozag.
  4764 | D:6      | Found a shattered altar of Ashenzari.
  4767 | D:6      | Found Jucsu's Antique Armour Emporium.
  4952 | D:6      | Reached * piety under Beogh
  4998 | D:6      | Noticed Pikel
  5013 | D:6      | Killed Pikel
  5013 | D:6      | Reached XP level 9. HP: 74/79 MP: 9/9
  5504 | D:7      | Noticed Prince Ribbit
  5523 | D:7      | Killed Prince Ribbit
  5523 | D:7      | Reached skill level 10 in Axes
  5539 | D:7      | Found an iron altar of Okawaru.
  5615 | D:7      | Found a staircase to the Ecumenical Temple.
  5775 | D:7      | Noticed Duvessa
  5775 | D:7      | Noticed Dowan
  5781 | D:7      | Killed Dowan
  5785 | D:7      | Killed Duvessa
  6003 | D:7      | Reached XP level 10. HP: 89/89 MP: 10/10
  6168 | D:8      | Found a staircase to the Lair.
  6339 | D:8      | Reached ** piety under Beogh
  6658 | D:8      | Noticed a wolf spider
  6665 | D:8      | Killed a wolf spider
  7254 | D:8      | Noticed Gastronok
  7275 | D:8      | Killed Gastronok
  7275 | D:8      | Reached XP level 11. HP: 61/98 MP: 11/11
  7570 | D:8      | Found a basalt altar of Yredelemnul.
  7573 | D:8      | Found a sparkling altar of Nemelex Xobeh.
  7576 | D:8      | Found a shadowy altar of Dithmenos.
  7844 | D:8      | Reached *** piety under Beogh
  7844 | D:8      | Reached skill level 10 in Fighting
  8131 | Lair:1   | Entered Level 1 of the Lair of Beasts
  8133 | Lair:1   | Noticed Nergalle
  8626 | Lair:1   | Killed Nergalle
  9827 | Lair:1   | Noticed soberaf's ghost (journeyman KoCj)
 10255 | Lair:2   | Reached skill level 10 in Shields
 10449 | Lair:2   | Reached XP level 12. HP: 75/106 MP: 12/12
 11058 | Lair:2   | Reached skill level 10 in Armour
 11705 | Lair:3   | Found a hole to the Spider Nest.
 11732 | Lair:3   | HP: 5/108 [poisoned by a black mamba]
 11738 | Lair:3   | HP: 4/108 [poisoned by a black mamba]
 11744 | Lair:3   | HP: 3/108 [poisoned by a black mamba]
 11752 | Lair:3   | HP: 4/108 [poisoned by a black mamba]
 12468 | Lair:3   | Reached skill level 15 in Axes
 13095 | Lair:3   | Reached **** piety under Beogh
 13718 | Lair:4   | Noticed a six-headed hydra
 13822 | Lair:3   | Killed a six-headed hydra
 14169 | Lair:4   | Noticed a death yak
 14183 | Lair:4   | Noticed a catoblepas
 14205 | Lair:3   | Killed a catoblepas
 14563 | Lair:3   | Killed a death yak
 14667 | Lair:4   | Reached XP level 13. HP: 107/117 MP: 13/13
 15642 | Lair:4   | Found a staircase to the Shoals.
 16546 | Lair:5   | Noticed humperndinck's ghost (journeyman DrBe)
 16562 | Lair:4   | Reached skill level 1 in Invocations
 18580 | Lair:4   | Gained Milork as an ally
 18580 | Lair:4   | Gained Bogmar as an ally
 18580 | Lair:4   | Gained Bogric as an ally
 18749 | Lair:5   | Killed humperndinck's ghost
 18795 | Lair:5   | Reached ***** piety under Beogh
 18975 | Lair:6   | Entered Level 6 of the Lair of Beasts
 18996 | Lair:6   | Your ally Milork died
 19412 | Lair:6   | Reached XP level 14. HP: 123/127 MP: 17/17
 19414 | Lair:6   | Reached skill level 5 in Invocations
 20681 | Lair:6   | Your ally Bogmar died
 20684 | Lair:6   | Your ally Bogric died
 22213 | D:6      | Bought the +0 mask of the Dragon {MR+ Slay+3 SInv} for 868 gold pieces
 22435 | D:9      | Reached ****** piety under Beogh
 22831 | D:10     | Entered Level 10 of the Dungeon
 22840 | D:10     | Noticed Psyche
 22845 | D:10     | Killed Psyche
 22929 | D:10     | Noticed Erica
 22941 | D:10     | Killed Erica
 22942 | D:10     | Found a staircase to the Orcish Mines.
 23212 | D:10     | Noticed Urug
 23214 | D:10     | Noticed Snorg
 23224 | D:10     | Killed Snorg
 23796 | Orc:1    | Entered Level 1 of the Orcish Mines
 24031 | Orc:2    | Entered Level 2 of the Orcish Mines
 24175 | Orc:2    | Found Zeiry's Distillery.
 24411 | Orc:2    | Found Ovuzuivy's Distillery.
 24412 | Orc:2    | Found Momoh's Food Shop.
 24808 | Orc:2    | Gained Bladwarg as an ally
 25221 | Orc:2    | Found a staircase to the Elven Halls.
 25392 | Orc:2    | Your ally died
 25734 | Orc:2    | Found Jovvodiang's Book Shoppe.
 25734 | Orc:2    | Found Musibiom's Antique Armour Emporium.
 25736 | Orc:2    | Found a one-way gate leading to the halls of Pandemonium.
 25966 | Orc:2    | Bought a pair of runed gloves for 195 gold pieces
 26063 | Orc:2    | Noticed OutrageousFun's ghost (journeyman DsFi)
 26074 | Orc:2    | Killed OutrageousFun's ghost
 26459 | D:11     | Reached skill level 15 in Fighting
 26541 | D:11     | Reached XP level 15. HP: 139/139 MP: 20/20
 26603 | D:11     | Noticed Harold
 26612 | D:11     | Killed Harold
 26874 | D:11     | Reached skill level 1 in Dodging
 27108 | D:11     | Got a crystal mace
 27109 | D:11     | Identified the cursed +0 mace of Hacking and Slashing {flame, Str+6 SInv} (You found it on level 11 of the Dungeon)
 27362 | D:12     | Got a faintly humming chain mail
 27363 | D:12     | Identified the +7 chain mail of Contentment {rC++} (You found it on level 12 of the Dungeon)
 27609 | D:12     | Got a slimy silver ring
 27662 | D:12     | Identified the ring of Eternal Harmony {Fire rPois} (You found it on level 12 of the Dungeon)
 27692 | D:13     | Noticed Azrael
 27706 | D:13     | Killed Azrael
 27739 | D:13     | Gained Alork as an ally
 27740 | D:13     | Gained Oruk as an ally
 28156 | D:13     | Found a gate to the Vaults.
 28753 | D:14     | Found Pogro's Magic Scroll Shop.
 28758 | D:14     | Bought a scroll of teleportation for 48 gold pieces
 28759 | D:14     | Found a blossoming altar of Fedhas.
 29255 | D:15     | Entered Level 15 of the Dungeon
 29270 | D:15     | Found a corrupted altar of Lugonu.
 29549 | D:15     | Found a staircase to the Depths.
 29855 | D:15     | Your ally Oruk died
 30534 | Spider:1 | Entered Level 1 of the Spider Nest
 30572 | Spider:1 | Noticed Rupert
 30624 | Spider:1 | Reached skill level 15 in Armour
 30849 | Spider:1 | Reached skill level 15 in Shields
 30982 | Spider:1 | Killed Rupert
 30982 | Spider:1 | Reached skill level 5 in Dodging
 30997 | Spider:1 | Reached XP level 16. HP: 131/147 MP: 21/21
 31403 | Spider:2 | Learned a level 6 spell: Statue Form
 32716 | Spider:4 | Entered Level 4 of the Spider Nest
 32745 | Spider:4 | Noticed Arachne
 32755 | Spider:4 | Killed Arachne
 33230 | Spider:4 | Gained Gorm as an ally
 33627 | Spider:4 | Got a gossamer rune of Zot
 33805 | Shoals:1 | Entered Level 1 of the Shoals
 33900 | Shoals:1 | Noticed Frances
 33903 | Shoals:1 | Reached XP level 17. HP: 142/154 MP: 22/22
 33921 | Shoals:1 | Killed Frances
 34817 | Shoals:2 | Learned a level 3 spell: Lesser Beckoning
 34820 | Shoals:2 | Learned a level 2 spell: Blink
 34822 | Shoals:2 | Learned a level 1 spell: Animate Skeleton
 35264 | Shoals:2 | Gained Olfrun as an ally
 36273 | Shoals:4 | Entered Level 4 of the Shoals
 36273 | Shoals:4 | Noticed Ilsuiw
 36702 | Shoals:4 | Learned a level 1 spell: Apportation
 37101 | Shoals:4 | Killed Ilsuiw
 37101 | Shoals:4 | Reached XP level 18. HP: 73/166 MP: 23/23
 37393 | Shoals:4 | Identified a scroll of acquirement
 37394 | Shoals:4 | Got a flickering brass ring
 37395 | Shoals:4 | Identified the ring "Yguang" {rF+ Str+4} (You acquired it on level 4 of the Shoals)
 37616 | Shoals:4 | Got a vibrating steel ring
 37817 | Shoals:4 | Reached skill level 10 in Dodging
 37865 | Shoals:4 | Got a barnacled rune of Zot
 37876 | Shoals:4 | Your ally Gorm died
 38588 | D:12     | Identified the ring "Litog" {*Tele rF- rN+ Int+5} (You took it off a merfolk javelineer on level 4 of the Shoals)
 38679 | Depths:1 | Entered Level 1 of the Depths
 38679 | Depths:1 | Noticed a lich
 38686 | Depths:1 | Killed a lich
 38690 | Depths:1 | Your ally Alork died
 38694 | Depths:1 | Your ally Olfrun died
 38696 | Depths:1 | Your ally Gorm died
 39196 | Depths:1 | Found Amasee's One-of-a-Kind Books.
 39196 | Depths:1 | Noticed Aizul
 39205 | Depths:1 | Your ally Bladwarg died
 39235 | D:15     | Killed Aizul
 39293 | Depths:1 | Noticed Saint Roka
 39516 | Vaults:1 | Entered Level 1 of the Vaults
 39750 | Vaults:1 | Your ally Olfrun died
 40319 | Vaults:1 | Noticed Donald
 40376 | Vaults:1 | Found Gemenk's Assorted Antiques.
 40803 | Vaults:1 | Killed Donald
 40803 | Vaults:1 | Reached XP level 19. HP: 98/179 MP: 24/24
 40806 | Vaults:1 | Gained Morbeogh as an ally
 40810 | Vaults:1 | Gained Borgun as an ally
 41003 | Vaults:1 | Noticed a lich
 41010 | Vaults:1 | Your ally Borgun died
 41011 | Vaults:1 | Killed a lich
 41083 | Vaults:1 | Found a radiant altar of Vehumet.
 41093 | Vaults:1 | Got a crude hat
 41116 | Vaults:1 | Identified the cursed +0 hat of Creativity {Str+4} (You found it on level 1 of the Vaults)
 41531 | Vaults:1 | Your ally Morbeogh died
 43312 | Depths:1 | Found Diowennyeca's General Store.
 43315 | Depths:1 | Bought a scroll of teleportation for 54 gold pieces
 43685 | Depths:1 | Found a gateway to Hell.
 44473 | Depths:2 | Your ally died
 44738 | Depths:2 | Got a smoking chain mail
 44739 | Depths:2 | Identified the +6 chain mail of Ocvimuipt {+Inv rC- Int+7 Dex+4} (You found it on level 2 of the Depths)
 45106 | Depths:2 | Found Ysishob's Gadget Shoppe.
 45106 | Depths:2 | Found Ileath's Jewellery Boutique.
 45107 | Depths:2 | Found Zyotut's Jewellery Boutique.
 45551 | Depths:2 | Reached XP level 20. HP: 191/191 MP: 25/25
 46165 | Depths:2 | Noticed a juggernaut
 46179 | Depths:2 | Killed a juggernaut
 46735 | Depths:2 | Bought the ring "Xoxzuh" {EV+2 Str-5 Int-5 Slay+4 SInv} for 289 gold pieces
 46735 | Depths:2 | Bought the amulet "Matat" {Gourm Fragile rPois rF+ Dex+3} for 831 gold pieces
 47278 | Depths:3 | Found a one-way gate to the infinite horrors of the Abyss.
 47524 | Depths:3 | Paralysed by a floating eye for 3 turns
 48010 | Depths:3 | HP: 9/193 [reaper/vampiric scythe (30)]
 49334 | Depths:3 | Noticed Mennas
 49336 | Depths:2 | Gained Syrus as an ally
 49442 | Depths:2 | Killed Mennas
 49442 | Depths:2 | Reached XP level 21. HP: 111/202 MP: 26/26
 49744 | Depths:3 | Noticed Sojobo
 49969 | Depths:2 | Killed Sojobo
 51237 | Depths:3 | Your ally Syrus died
 54278 | Depths:4 | Found Enaz Fau's General Store.
 54287 | Depths:4 | Bought a scroll of acquirement for 832 gold pieces
 54291 | Depths:4 | Got a jewelled shield
 54292 | Depths:4 | Identified the +3 shield of Wisdom {rPois rN+ Str-4} (You acquired it on level 4 of the Depths)
 54303 | Depths:4 | Noticed Boris
 54336 | Depths:4 | Killed Boris
 54953 | Depths:4 | Found Atinah's Distillery.
 54982 | Depths:4 | Reached XP level 22. HP: 184/213 MP: 27/27
 55005 | Depths:4 | Gained Zartorak as an ally
 55292 | Depths:4 | Your ally Zartorak died
 55481 | Depths:4 | Found a gateway to a ziggurat.
 55545 | Depths:4 | Found Mem Mima's Armour Shop.
 55580 | Depths:4 | Gained Bogbrand as an ally
 55917 | Depths:4 | Your ally Bogbrand died
 55931 | Depths:4 | Reached skill level 15 in Dodging
 56783 | Depths:4 | Noticed a golden dragon
 56795 | Depths:4 | Killed a golden dragon
 57057 | Depths:4 | Noticed a caustic shrike
 57082 | Depths:4 | Killed a caustic shrike
 58240 | Depths:4 | Noticed a juggernaut
 58273 | Depths:4 | Killed a juggernaut
 58547 | Depths:4 | Identified Huskon's Incunabulum of Ghastly Self-Knowledge
 59435 | Elf:1    | Entered Level 1 of the Elven Halls
 59473 | Elf:1    | Gained Morbeogh as an ally
 59475 | Elf:1    | Your ally Morbeogh died
 59481 | Elf:1    | HP: 9/213 [???[a deep elf demonologist] (7)]
 59481 | Elf:1    | Killed from afar by a deep elf mage

Skill      XL: |  1  2  3  4  5  6  7  8  9 10 11 12 13 14 15 16 17 18 19 20 21 22 |
---------------+-------------------------------------------------------------------+-----
Axes           | 3 4 5 6 7 9 11 12 14 15 16 17 19 | 19.7
Fighting       | 4 5 6 7 8 9 10 12 13 15 16 18 19 20 21 | 21.0
Armour         | 4 5 6 7 8 9 11 12 13 15 16 17 18 19 20 21 | 21.1
Shields        | 4 5 6 7 8 10 11 12 13 15 16 | 16.9
Invocations    | 4 7 |  7.3
Dodging        | 5 7 9 11 12 13 14 15 | 15.8

Action                   |  1- 3 |  4- 6 |  7- 9 | 10-12 | 13-15 | 16-18 | 19-21 | 22-24 || total
-------------------------+-------+-------+-------+-------+-------+-------+-------+-------++-------
Melee: War axe           |    56 |       |       |       |   268 |  1198 |   722 |       ||  2244
       Hand axe          |    27 |   159 |   238 |   491 |   978 |       |       |       ||  1893
       Whip              |       |       |       |     9 |    38 |       |       |       ||    47
       Broad axe         |       |       |       |       |       |       |   713 |   485 ||  1198
Invok: Convert to Beogh  |       |       |     1 |       |       |       |       |       ||     1
       Recall Orcish Fol |       |       |       |       |    16 |    16 |     6 |     3 ||    41
       Stop Recall       |       |       |       |       |     1 |     3 |       |       ||     4
       Give Item to Name |       |       |       |       |       |     4 |     1 |     2 ||     7
       Resurrection      |       |       |       |       |       |     2 |       |       ||     2
Evoke: Wand              |       |       |       |       |     6 |       |       |       ||     6
  Use: Potion            |       |     1 |       |     4 |     2 |     1 |     8 |     4 ||    20
       Scroll            |       |    15 |       |    17 |    16 |    12 |    11 |     3 ||    74
 Stab: Distracted        |       |       |       |       |     6 |     4 |     5 |       ||    15
  Eat: Chunk             |     1 |     8 |     8 |    21 |    44 |    22 |    49 |    15 ||   168
       Fruit             |       |       |       |     6 |     6 |     4 |       |       ||    16
       Royal jelly       |       |       |       |       |     2 |     3 |     4 |       ||     9
Armor: Scale mail        |    40 |    75 |    19 |       |    76 |       |       |       ||   210
       Chain mail        |       |       |    40 |       |   114 |   581 |   527 |    44 ||  1306
       Plate armour      |       |       |    45 |   324 |   372 |       |       |       ||   741
       Gold dragon scale |       |       |       |       |       |       |       |   121 ||   121
Dodge: Dodged            |    51 |    76 |    68 |   143 |   357 |   468 |   620 |   205 ||  1988
Block: Shield            |       |       |       |       |   231 |   744 |   629 |    99 ||  1703
       Buckler           |       |       |       |       |       |    81 |   201 |   119 ||   401
